 Seeded DCSS version 0.29.0-7-g18a832c13a (webtiles) character file.

Game seed: 7628857335447582265 (custom seed)

20 NinjaNoafa the Sneak (level 3, 21/21 HPs)
             Began as a Kobold Brigand on Aug 30, 2022.
             Quit the game on level 1 of the Dungeon on Aug 31, 2022.
             The game lasted 00:01:18 (802 turns).

NinjaNoafa the Sneak (Kobold Brigand)                Turns: 802, Time: 00:01:19

Health: 21/21      AC:  2    Str:  8    XL:     3   Next: 0%
Magic:  3/3        EV: 14    Int: 12    God:
Gold:   59         SH:  0    Dex: 18    Spells: 2/2 levels left

rFire   . . .      SeeInvis .   a - +2 dagger
rCold   . . .      Faith    .   (no shield)
rNeg    . . .      Spirit   .   b - +0 robe
rPois   .          Reflect  .   (no helmet)
rElec   .          Harm     .   l - scarf {repulsion}
rCorr   .          Rampage  .   (no gloves)
Will    .....                   (no boots)
Stlth   ++++......              (no amulet)
HPRegen 0.07/turn               (no ring)
MPRegen 0.08/turn               (no ring)

@: repel missiles
A: small, no large weapons, nightstalker 3
a: no special abilities


You were on level 1 of the Dungeon.
You visited 1 branch of the dungeon, and saw 2 of its levels.

You collected 59 gold pieces.

Inventory:

Hand Weapons
 a - a +2 dagger (weapon)
Missiles
 d - 9 poisoned darts (quivered)
 e - 3 curare-tipped darts
 g - 6 stones
Armour
 b - a +0 robe (worn)
 l - a scarf of repulsion (worn)
Scrolls
 f - a scroll of vulnerability {unknown}
 i - a scroll of identify {unknown}
 j - a scroll of amnesia {unknown}
 m - a scroll of summoning {unknown}
Potions
 c - a potion of curing {unknown}
 h - a potion of resistance {unknown}
 k - a potion of mutation {unknown}


   Skills:
 - Level 2.1 Fighting
 + Level 4.3 Short Blades
 - Level 2.1 Throwing
 - Level 1.2 Dodging
 - Level 5.3 Stealth


You had 2 spell levels left.
You didn't know any spells.
Your spell library was empty.

Dungeon Overview and Level Annotations

Branches:
Dungeon (2/15)

Altars:


Innate Abilities, Weirdness & Mutations

You are small and have problems with some larger weapons.
You are completely attuned to the shadows.


Message History

You start putting on your armour.
You continue putting on your +0 cloak. x5
You finish putting on your +0 cloak.
You start removing your armour.
You continue taking off your +0 cloak. x4
You finish taking off your +0 cloak.
You start putting on your armour.
You continue putting on your scarf of repulsion. x4
The bat barely misses you.
You continue putting on your scarf of repulsion.
The bat misses you. The bat barely misses you.
You finish putting on your scarf of repulsion.
You are surrounded by a repulsion field.
The bat closely misses you. The bat barely misses you.
You hit the bat.
The bat is severely wounded.
The bat misses you.
You hit the bat.
You kill the bat!
m - a scroll labelled KOX TIAR ISSAN
Okay, then.
You drop a +0 cloak.
A hobgoblin comes into view.
A hobgoblin is nearby!
You see here 5 stones.
The helpless hobgoblin fails to defend itself.
You impale the hobgoblin!!
You kill the hobgoblin!
You have reached level 3!
Your experience leads to an increase in your attributes!
Increase (S)trength, (I)ntelligence, or (D)exterity?
You feel agile. x2
g - 6 stones (gained 5)
c - an inky potion You open the door.
There is an open door here.
Found a faded altar of an unknown god.
Saving game... please wait.
Welcome back, NinjaNoafa the Kobold Brigand.
Game seed: 7628857335447582265 (custom seed) Press ? for a list of commands and other information.
Are you sure you want to abandon this character and quit the game? (Confirm with "yes".)

..###.....#...# #.#[#.....####...
...##...^.#..## #.#.#.......##..)
...#......#..####.#.#.#.#.#..+...
...>....................#.#.##...
....#.....#..####.#.#.#.#........
....#..†).#..####.#..........#...
..#......##.......###.#.#....#.♣.
..#.)....###.####'# #.......>.♣♣♣
..#..........# #@## # .......)♣♣∩
..+..........###..^_# #.#..♣♣∩.
..#.########...#.#### #..♣ ∩.
#.#............#.. #.#..♣♣∩.
#.#.####.###...##+ ......♣♣∩
#.#.####.#.[....... #.##⌠.♣♣
#.............###.. .......♣♣
#.#.####.#.#......# .###.#..
#+#.# #.#.##.....# #.##.


There were no monsters in sight!

Vanquished Creatures
  A dart slug (D:1)
  A ball python (D:1)
  An endoplasm (D:1)
  2 goblins (D:1)
  3 hobgoblins (D:1)
  3 kobolds (D:1)
  3 bats (D:1)
  A frilled lizard (D:1)
15 creatures vanquished.

Notes
Turn   | Place    | Note
-------+----------+-------------------------------------------
     0 | D:1      | NinjaNoafa the Kobold Brigand began the quest for the Orb.
     0 | D:1      | Reached XP level 1. HP: 12/12 MP: 1/1
   216 | D:1      | Reached XP level 2. HP: 16/17 MP: 2/2
   760 | D:1      | Reached XP level 3. HP: 21/21 MP: 3/3
   801 | D:1      | Found a faded altar of an unknown god.
   802 | D:1      | Quit the game

Illustrated notes

Levels and vault maps discovered:
D:1:      heliophobic_arrival_henge, layout_basic,
          hellmonk_ecumenical_altar_leap_of_faith
D:2:      layout_loops_ring, grunt_decor_fettered

Skill      XL: |  1  2 |
---------------+-------+-----
Short Blades   | 3 4 |  4.3
Fighting       | |  2.1
Throwing       | |  2.1
Dodging        | |  1.2
Stealth        | |  5.3

Action                   || total
-------------------------++-------
Melee: Dagger            ||    45
       Punch             ||     1
 Stab: Sleeping          ||     4
Armor: Robe              ||     6
Dodge: Dodged            ||    45
